 Dungeon Crawl Stone Soup version 0.30.1 (webtiles) character file.

Game seed: 311218629219685593

213 Graphine the Sneak (level 6, -4/37 HPs)
             Began as a Kobold Brigand on July 4, 2023.
             Slain by a lemure (7 damage)
             ... led by Pikel
             ... on level 4 of the Dungeon.
             The game lasted 00:05:02 (2494 turns).

Graphine the Sneak (Kobold Brigand)                 Turns: 2494, Time: 00:05:02

Health: -4/37      AC:  6    Str:  9    XL:     6   Next: 14%
Magic:  6/6        EV: 16    Int: 12    God:
Gold:   186        SH:  0    Dex: 18    Spells: 5/5 levels left

rFire   . . .        a - +5 dagger (venom)
rCold   . . .        (no shield)
rNeg    . . .        b - +0 robe
rPois   .            f - +0 helmet
rElec   .            c - +0 cloak
rCorr   .            i - +1 pair of gloves
SInv    +            (no boots)
Will    .....        (no amulet)
Stlth   +++++        g - ring of see invisible
HPRegen 0.26/turn    (no ring)
MPRegen 0.10/turn

%: no passive effects
@: no status effects
A: small, no large weapons, nightstalker 3
a: no special abilities


You were on level 4 of the Dungeon.
You visited 1 branch of the dungeon, and saw 4 of its levels.

You collected 186 gold pieces.

Inventory:

Hand Weapons
 a - a +5 dagger of venom (weapon)
 q - a +1 dagger of draining
Missiles
 d - 13 poisoned darts (quivered)
Armour
 b - a +0 robe (worn)
 c - a +0 cloak (worn)
 f - a +0 helmet (worn)
 i - a +1 pair of gloves (worn)
Magical Staves
 m - a staff of air
Jewellery
 g - a ring of see invisible (left hand)
Scrolls
 h - a scroll of poison
 k - a scroll of magic mapping
Potions
 j - a potion of lignification {unknown}
 l - a potion of invisibility {unknown}
 n - 4 potions of curing {unknown}
 o - a potion of berserk rage {unknown}
 s - a potion of heal wounds {unknown}


   Skills:
 + Level 3.1 Fighting
 * Level 4.6 Short Blades
 - Level 2.1 Throwing
 * Level 3.7 Dodging
 * Level 6.8 Stealth


You had 5 spell levels left.
You didn't know any spells.
Your spell library was empty.

Dungeon Overview and Level Annotations

Branches:
Dungeon (4/15)
 Temple: D:4-7

Altars:

Shops:
D:3 :

Annotations:
D:4 Pikel


Innate Abilities, Weirdness & Mutations

You are small and have problems with some larger weapons.
You are completely attuned to the shadows.


Message History

Hit: a) +5 dagger (venom)
Press: ? - help, Dir - move target, f/p - Pikel
Aim: Pikel, wielding a +1 whip of freezing, wearing a +2 robe of positive energy and carrying a wand of mindburst (7) (moderately wounded, very poisoned, slow, about 33% to evade your +5 dagger of venom)
You hit Pikel.
Pikel looks as sick as possible!
Pikel is moderately wounded.
The lemure hits you but does no damage. The lemure hits you.
Hit: a) +5 dagger (venom)
Press: ? - help, Dir - move target, f/p - Pikel
Aim: Pikel, wielding a +1 whip of freezing, wearing a +2 robe of positive energy and carrying a wand of mindburst (7) (moderately wounded, extremely poisoned, slow, about 33% to evade your +5 dagger of venom)
You puncture Pikel!
Pikel looks as sick as possible!
Pikel is heavily wounded.
Pikel zaps a wand.
You barely resist. The lemure hits you.
Hit: a) +5 dagger (venom)
Press: ? - help, Dir - move target, f/p - Pikel
Aim: Pikel, wielding a +1 whip of freezing, wearing a +2 robe of positive energy and carrying a wand of mindburst (6) (heavily wounded, extremely poisoned, slow, about 33% to evade your +5 dagger of venom)
You completely miss Pikel.
Pikel is heavily wounded.
The lemure hits you.
Hit: a) +5 dagger (venom)
Press: ? - help, Dir - move target, f/p - Pikel
Aim: Pikel, wielding a +1 whip of freezing, wearing a +2 robe of positive energy and carrying a wand of mindburst (6) (heavily wounded, extremely poisoned, slow, about 33% to evade your +5 dagger of venom)
You miss Pikel.
Pikel is heavily wounded.
The lemure closely misses you.
Pikel zaps a wand.
Your mind is blasted!
* * * LOW HITPOINT WARNING * * *
Hit: a) +5 dagger (venom)
Press: ? - help, Dir - move target, f/p - Pikel
Aim: Pikel, wielding a +1 whip of freezing, wearing a +2 robe of positive energy and carrying a wand of mindburst (5) (heavily wounded, extremely poisoned, slow, about 33% to evade your +5 dagger of venom)
You barely miss Pikel.
Pikel is heavily wounded.
The lemure misses you. The lemure hits you but does no damage.
Hit: a) +5 dagger (venom)
Press: ? - help, Dir - move target, f/p - Pikel
Aim: Pikel, wielding a +1 whip of freezing, wearing a +2 robe of positive energy and carrying a wand of mindburst (5) (severely wounded, extremely poisoned, slow, about 33% to evade your +5 dagger of venom)
You barely miss Pikel.
Pikel is severely wounded.
Pikel zaps a wand.
Your mind is blasted!
* * * LOW HITPOINT WARNING * * *
The lemure hits you!
You die...

.....##....#
...........#.......
#.........#.....5.
#######.........+.......
................#..5....
..........##...###...#
..........##...###...#
##...##...##....@K5.(.#
##...##...##....55....#
..........#........>..#
..........+....##....##
#######...##...##....# #
# ##. ...


You could see Pikel (extremely poisoned, slow) and 3 lemures.

Vanquished Creatures
  A lemure (D:4)
  3 orc wizards
  5 adders
  2 worms (D:2)
  A dart slug (D:3)
  14 orcs
  5 endoplasms
  3 giant cockroaches
  3 goblins
  4 hobgoblins
  4 jackals (D:1)
  2 quokkas
  7 ball pythons
  9 bats
  4 frilled lizards
  5 kobolds
  3 rats
75 creatures vanquished.

Notes
Turn   | Place    | Note
-------+----------+-------------------------------------------
     0 | D:1      | Graphine the Kobold Brigand began the quest for the Orb.
     0 | D:1      | Reached XP level 1. HP: 12/12 MP: 1/1
    46 | D:1      | Reached XP level 2. HP: 5/17 MP: 2/2
   473 | D:1      | Reached XP level 3. HP: 18/22 MP: 3/3
   979 | D:2      | You fall into a shaft and drop 2 floors!
  1148 | D:2      | Reached XP level 4. HP: 27/27 MP: 4/4
  1167 | D:2      | Reached skill level 6 in Stealth
  1477 | D:2      | Identified the +8 chain mail of Midwinter {*Corrode Regen+
                  | Int+6 Dex+8}
  1702 | D:3      | Found Viosh's Book Emporium.
  1812 | D:3      | Reached XP level 5. HP: 26/32 MP: 5/5
  2395 | D:4      | Reached XP level 6. HP: 37/37 MP: 6/6
  2477 | D:4      | Noticed Pikel
  2494 | D:4      | Slain by a lemure

Illustrated notes

Levels and vault maps discovered:
D:1:      wander_arrival_lonely_grave, layout_loops_ring, minmay_misc_feat_five,
          minmay_tetromino_i2
D:2:      layout_loops_ring
D:3:      layout_loops_ring, serial_shops, shop_fountains
D:4:      layout_gridville, uniq_pikel

Skill      XL: |  1  2  3  4  5 |
---------------+----------------+-----
Short Blades   | 3 4 |  4.6
Dodging        | 2 3 |  3.7
Stealth        | 6 |  6.8
Fighting       | 3 |  3.1
Throwing       | |  2.1

Action                     |  1- 3 |  4- 6 || total
---------------------------+-------+-------++-------
  Melee: Dagger            |   122 |    99 ||   221
         Punch             |     1 |       ||     1
  Throw: Dart              |       |     3 ||     3
    Use: Scroll            |     3 |     8 ||    11
   Stab: Sleeping          |    14 |     9 ||    23
         Distracted        |       |     1 ||     1
 Armour: Robe              |    30 |    22 ||    52
  Dodge: Dodged            |    82 |    76 ||   158
